[Event "*** SCC Grand Prix: Titled Tuesday Blitz"]
[Site "Chess.com"]
[Date "2020.06.23"]
[Round "5"]
[White "MathiasWomacka"]
[Black "DenisQ"]
[Result "0-1"]
[WhiteElo "2418"]
[BlackElo "2640"]
[TimeControl "180+1"]
[EndTime "10:57:06 PDT"]
[Termination "DenisQ won by resignation"]

1. e4 c6 2. d4 d5 3. Nd2 dxe4 4.
Nxe4 Bf5 5. Ng3 Bg6 6. h4 h6 7. Nf3 Nf6 8. Ne5 Bh7 9. Bd3 Bxd3 10. Qxd3 e6 11. Bd2 Nbd7 12. f4 Bd6 13. O-O-O O-O 14. Qf3 Qc7 15. Ne2 c5 16. g4 cxd4 17. Nxd7 Nxd7 18.
Nxd4 Qc4 19. Nb3 Rac8 20. c3 Nc5 21. Nxc5 Rxc5 22. Be3 Rd5 23. Rxd5 exd5 24. Rd1 Qxa2 25. Qxd5 Qa1+ 26. Kc2 Qa4+ 27. Kb1 Re8 28. Qxd6 Rxe3 29. g5 Re2 30. Qd8+ Kh7 31. Qd3+ Qe4 32. gxh6 Kxh6 33. Qxe4 Rxe4 34. Rd7 Rxf4 35. Rxb7 a5 36. Ka2 f6 37. Rb5 a4 38. Rb4 g5 39. hxg5+ fxg5 40. Ka3 Rxb4 41.
cxb4 g4 42. b5 g3 43. b6 g2 44. b7 g1=Q 45. b8=Q Qa1+ 46. Kb4 Qxb2+ 47. Kxa4 Qxb8 0-1

[Event "*** SCC Grand Prix: Titled Tuesday Blitz"]
[Site "Chess.com"]
[Date "2020.06.23"]
[Round "5"]
[White "korbul"]
[Black "ZverevLev"]
[Result "0-1"]
[WhiteElo "2494"]
[BlackElo "2353"]
[TimeControl "180+1"]
[EndTime "10:57:06 PDT"]
[Termination "ZverevLev won by resignation"]

1. e4 e5 2. Nf3 Nc6 3. d4 exd4 4.
Nxd4 Bc5 5. Be3 Qf6 6. c3 Nge7 7.
Bc4 Qg6 8. O-O d6 9. Nd2 Ne5 10. Be2 Bh3 11. g3 Bxf1 12. Qxf1 O-O 13. h3 f5 14. Qg2 Kh8 15. f4 N5c6 16. Bd3 Bb6 17.
exf5 Qf6 18. N2f3 Nxd4 19. Nxd4 c5 20. Ne6 Nxf5 21. Bxf5 Qxf5 22. Nxf8 Rxf8 23. Rd1 Re8 24. g4 Qf6 25. Qf3 Qe7 26. Bf2 h6 27. Re1 Qd7 28. c4 Rxe1+ 29. Bxe1 Qe6 30. Qf1 Qe3+ 31. Qf2 Qxh3 32.
Qg2 Qe3+ 33. Qf2 Qe4 34. Bc3 Qxc4 35. f5 Qxg4+ 36. Kf1 c4 37. Qc2 Qf3+ 38. Ke1 Qh1+ 39. Ke2 Qg2+ 40. Kd1 Qf1+ 41. Be1 Ba5 42. Qe2 Qxe1+ 43.
Qxe1 Bxe1 44. Kxe1 Kg8 45. b3 cxb3 46. axb3 Kf7 47. Ke2 Kf6 48. Kf3 Kxf5 0-1

[Event "*** SCC Grand Prix: Titled Tuesday Blitz"]
[Site "Chess.com"]
[Date "2020.06.23"]
[Round "5"]
[White "KNCP_719"]
[Black "RianKapriaga"]
[Result "1-0"]
[WhiteElo "2472"]
[BlackElo "2184"]
[TimeControl "180+1"]
[EndTime "10:57:06 PDT"]
[Termination "KNCP_719 won on time"]

1. e4 e5 2. Nf3 Nc6 3. Bb5 a6 4. Ba4 Nf6 5. d3 d6 6. c3 g6 7.
O-O Bg7 8. Re1 O-O 9. Nbd2 b5 10. Bb3 Na5 11. Bc2 c5 12. Nf1 Re8 13. Ng3 Nc6 14.
d4 exd4 15. cxd4 cxd4 16. Nxd4 Nxd4 17. Qxd4 Nxe4 18. Qd5 Nxg3 19. Rxe8+ Qxe8 20. hxg3 Be6 21. Qxd6 Rc8 22. Be4 Bc4 23. Bf3 a5 24. Bd2 Rd8 25. Qf4 a4 26. Re1 Qd7 27. Ba5 Re8 28. Rxe8+ Qxe8 29. a3 Bxb2 30. Bb4 Bg7 31. Qc7 h6 32. Bc6 Qe5 33. Qc8+ Kh7 34. Qb7 Qa1+ 35. Kh2 Qe5 36. f4 1-0

[Event "*** SCC Grand Prix: Titled Tuesday Blitz"]
[Site "Chess.com"]
[Date "2020.06.23"]
[Round "5"]
[White "szachuspl"]
[Black "Nathan_Filgueiras"]
[Result "0-1"]
[WhiteElo "2560"]
[BlackElo "2419"]
[TimeControl "180+1"]
[EndTime "10:57:07 PDT"]
[Termination "Nathan_Filgueiras won by checkmate"]

1. d4 Nf6 2. c4 e6 3. Nf3 b6 4. g3 Bb7 5. Bg2 Be7 6. O-O O-O 7. Re1 d5 8. cxd5 exd5 9. Nc3 Ne4 10. Bf4 Nd7 11. Rc1 c5 12. dxc5 Bxc5 13. Nxe4 dxe4 14. Nd4 Nf6 15. Nf5 g6 16. Nd6 Bd5 17. Nc4 Nh5 18.
Bh6 Re8 19. Qb3 Qf6 20. Be3 Rac8 21. Qc3 Bxe3 22. Qxf6 Nxf6 23. Nxe3 Bb7 24. Bh3 Rxc1 25. Rxc1 Re7 26. Kf1 Ne8 27. Bc8 Ba8 28. Ke1 Nd6 29.
Ba6 Kf8 30. a3 Ke8 31. h4 Kd8 32. Ng4 Rc7 33. Rxc7 Kxc7 34. Nf6 h5 35. a4 Bc6 36. b3 Kd8 37. Kd2 Ke7 38. Nh7 f6 39. Ke3 Kf7 40. Kf4 Kg7 41. Ng5 fxg5+ 42. hxg5 Kf7 43. Ke5 Ke7 44. e3 Nf7+ 45. Kf4 Kd6 46. Bc4 Ne5 47. Bg8 Nd3# 0-1

[Event "*** SCC Grand Prix: Titled Tuesday Blitz"]
[Site "Chess.com"]
[Date "2020.06.23"]
[Round "5"]
[White "juniortay"]
[Black "GregShahade"]
[Result "0-1"]
[WhiteElo "2402"]
[BlackElo "2574"]
[TimeControl "180+1"]
[EndTime "10:57:08 PDT"]
[Termination "GregShahade won by checkmate"]

1. e4 e5 2. Nc3 Nf6 3. Bc4 Nc6 4. d3 Bc5 5. f4 d6 6. Nf3 exf4 7.
Bxf4 O-O 8. Na4 d5 9. exd5 Nxd5 10. Bxd5 Qxd5 11. Nxc5 Qxc5 12. d4 Qb6 13. O-O Bg4 14. c3 Qxb2 15. h3 Bh5 16. Bd2 Qa3 17. Rb1 b6 18. Rb5 Bg6 19. h4 Qxa2 20. Rg5 Qc2 21. Qe1 Rfe8 22. Qg3 h5 23. Qxc7 Nxd4 24. Nxd4 Qxd2 25.
Nf5 Bxf5 26. Rgxf5 Qe3+ 27. Kh1 f6 28. Rxh5 Qe7 29.
Qxe7 Rxe7 30. Rhf5 Rc8 31. h5 Kh7 32. h6 Kxh6 33. Kh2 Kg6 34. Kg3 Rxc3+ 35. Kg4 Re4+ 36. R5f4 Rxf4+ 37. Kxf4 b5 38. Rc1 Rxc1 39. g4 Rc4+ 40. Kg3 b4 41. Kh4 b3 42. Kh3 Kg5 43. Kh2 b2 44. Kg2 Rc3 45. Kf2 b1=Q 46. Ke2 Qb2+ 47. Kd1 Rc1# 0-1

[Event "*** SCC Grand Prix: Titled Tuesday Blitz"]
[Site "Chess.com"]
[Date "2020.06.23"]
[Round "5"]
[White "yamalchess"]
[Black "kingofkolkata"]
[Result "0-1"]
[WhiteElo "2458"]
[BlackElo "2213"]
[TimeControl "180+1"]
[EndTime "10:57:08 PDT"]
[Termination "kingofkolkata won on time"]

1. d4 d5 2. c4 e6 3. Nc3 Bb4 4. Nf3 Nf6 5. g3 dxc4 6. Bg2 O-O 7. O-O c6 8. Ne5 Nd5 9. Qc2 b5 10. a4 Bxc3 11. bxc3 Bb7 12. Ba3 Re8 13. Rfb1 a6 14. Nxc4 bxc4 15. Rxb7 Nd7 16. Bd6 N7b6 17. Bc5 Nd7 18.
Bd6 N7b6 19. Bc5 Nd7 20. a5 Nxc5 21. dxc5 Rb8 22. Rb6 Nxb6 23. axb6 Qc8 24. Qa4 Rd8 25. Bf3 Rd5 26. Bxd5 cxd5 27. Qb4 h6 28. Ra5 g6 29. e3 Kg7 30. e4 h5 31. exd5 exd5 32. h4 Qe6 33.
Qb1 Qc6 34. Qd1 Kh7 35. Qd4 Ra8 36. Kh2 Qb7 37. Qf6 Rc8 38. Qd6 Re8 39. Ra2 Re6 0-1

[Event "*** SCC Grand Prix: Titled Tuesday Blitz"]
[Site "Chess.com"]
[Date "2020.06.23"]
[Round "5"]
[White "PlotnikovPavel"]
[Black "Richarzard69"]
[Result "1/2-1/2"]
[WhiteElo "2453"]
[BlackElo "2283"]
[TimeControl "180+1"]
[EndTime "10:57:08 PDT"]
[Termination "Game drawn - insufficient material"]

1. e4 e6 2. d4 d5 3. e5 c5 4. c3 Qb6 5. Nf3 Bd7 6. Be2 Bb5 7. O-O Bxe2 8. Qxe2 Nc6 9. Be3 cxd4 10. Bxd4 Nxd4 11. cxd4 Ne7 12. Nc3 Nc6 13. Rfd1 Be7 14. a3 O-O 15. b4 Rfc8 16. Na4 Qd8 17. Rac1 h6 18. Qb5 a5 19. Nb6 Na7 20. Qxa5 Nc6 21. Rxc6 bxc6 22. Nxa8 Qxa5 23. bxa5 Rxa8 24. Rc1 Rxa5 25. Rxc6 Rxa3 26. h3 g5 27. Rc7 Bb4 28. Rb7 Bc3 29. Rc7 Bb2 30.
Rc2 Ba1 31. Rc1 Bb2 32. Rb1 Ra1 33. Rxa1 Bxa1 34. Kf1 Kg7 35. Ke2 Kg6 36. Kd3 Kf5 37. g3 h5 38. Ne1 Bb2 39. Nc2 Bc1 40. Ne3+ Bxe3 41. Kxe3 g4 42. h4 Kg6 43. Kf4 f6 44. exf6 Kxf6 45. f3 gxf3 46. Kxf3 Kf5 47. g4+ hxg4+ 48. Kg3 e5 49. dxe5 d4 50. e6 Kxe6 51.
Kxg4 d3 52. Kf3 Kf5 53. Ke3 Kg4 54. Kxd3 Kxh4 1/2-1/2

[Event "*** SCC Grand Prix: Titled Tuesday Blitz"]
[Site "Chess.com"]
[Date "2020.06.23"]
[Round "5"]
[White "mishanick"]
[Black "Maghalashvili"]
[Result "1-0"]
[WhiteElo "3003"]
[BlackElo "2791"]
[TimeControl "180+1"]
[EndTime "10:57:10 PDT"]
[Termination "mishanick won on time"]

1. d4 d5 2. c4 e6 3. Nf3 Nf6 4. Nc3 Be7 5. g3 O-O 6. Bg2 c5 7. cxd5 exd5 8. O-O Nc6 9. Bg5 cxd4 10. Nxd4 Re8 11. e3 Bg4 12. Qa4 Qd7 13. Rac1 Nxd4 14. Qxd4 Be6 15. Rfd1 Red8 16. Qd2 Rac8 17. Bxf6 Bxf6 18. Nxd5 Bxd5 19. Rxc8 Rxc8 20. Bxd5 Qc7 21.
b3 g6 22. a4 b6 23. Qd3 Kg7 24. h4 h5 25. Qe4 Qe5 26. Qxe5 Bxe5 27. Bc4 Rc7 28.
f4 Bf6 29. Kf2 Be7 30. Kf3 f5 31. Rd5 Bc5 32. e4 fxe4+ 33. Kxe4 Re7+ 34. Kf3 Kf6 35. Rd8 a5 36. Rf8+ Kg7 37. Rc8 Rd7 38. Rc6 Rd8 39.
Rc7+ Kh6 40. Rb7 Rd2 41. g4 Rf2+ 42. Kg3 hxg4 43. Bg8 g5 44. hxg5+ Kg6 45. Bh7+ Kh5 46. Be4 1-0

[Event "*** SCC Grand Prix: Titled Tuesday Blitz"]
[Site "Chess.com"]
[Date "2020.06.23"]
[Round "5"]
[White "Vuk2000"]
[Black "RojonR"]
[Result "1-0"]
[WhiteElo "2635"]
[BlackElo "2427"]
[TimeControl "180+1"]
[EndTime "10:57:10 PDT"]
[Termination "Vuk2000 won on time"]

1. d4 Nf6 2. Bg5 c5 3. Bxf6 exf6 4. Nc3 cxd4 5. Qxd4 Nc6 6. Qd2 Bb4 7. e3 d5 8. Bb5 O-O 9. Nge2 a6 10. Ba4 Ne5 11.
O-O Be6 12. Rfd1 Nc4 13. Qc1 Qa5 14. Bb3 Rac8 15. Rd3 Rfd8 16. a3 Bf8 17. Nf4 Qc5 18. Nce2 Bf5 19. Rd1 h6 20. Nd4 Bh7 21. Bxc4 dxc4 22.
c3 Bd6 23. Nde2 Qc7 24. h3 Be5 25. Nd5 Qc5 26. Ndf4 Bd3 27. Nxd3 cxd3 28. Nd4 Qc4 29. Qd2 f5 30. Qxd3 Qxd3 31. Rxd3 f4 32. exf4 Bxd4 33. cxd4 Rc2 34. b3 Rd5 35. Re1 Kf8 36. Re5 Rd6 37. d5 Rc5 38. b4 Rb5 39. Rde3 g6 40. Rd3 Kg7 41. f5 1-0

[Event "*** SCC Grand Prix: Titled Tuesday Blitz"]
[Site "Chess.com"]
[Date "2020.06.23"]
[Round "5"]
[White "stanyga"]
[Black "SilviusTiberius"]
[Result "1-0"]
[WhiteElo "2600"]
[BlackElo "2413"]
[TimeControl "180+1"]
[EndTime "10:57:10 PDT"]
[Termination "stanyga won by resignation"]

1. d4 Nf6 2. c4 g6 3. g3 Bg7 4.
Bg2 O-O 5. Nc3 d6 6. Nf3 Nc6 7. d5 Na5 8. Nd2 c5 9. Rb1 a6 10. a3 b5 11. cxb5 axb5 12. b4 cxb4 13. axb4 Nc4 14.
Nxb5 Bf5 15. Rb3 Nxd2 16. Qxd2 Ne4 17. Qe3 Qc8 18. O-O Qc4 19. Na3 Rxa3 20. Bxa3 Nc3 21. Rxc3 Qxc3 22. Qxc3 Bxc3 23. e4 Bg4 24. Rc1 Bd4 25.
Rc4 Bb6 26. Bb2 Ra8 27. h3 Bd7 28. Rc2 Ra2 29. e5 dxe5 30. Be4 f5 31. Bd3 Ba4 32. Bc4 Bxc2 33. Bxa2 Bd4 34. Bxd4 exd4 35. d6+ Kg7 36. d7 d3 37. d8=Q d2 38. Qxd2 1-0

[Event "*** SCC Grand Prix: Titled Tuesday Blitz"]
[Site "Chess.com"]
[Date "2020.06.23"]
[Round "5"]
[White "LuckSlayeer"]
[Black "Falia-p"]
[Result "0-1"]
[WhiteElo "2435"]
[BlackElo "2247"]
[TimeControl "180+1"]
[EndTime "10:57:11 PDT"]
[Termination "Falia-p won on time"]

1. Nf3 d5 2. g3 g6 3. Bg2 Bg7 4. d4 Nf6 5. O-O O-O 6. Nbd2 c6 7. c4 a5 8. cxd5 cxd5 9. Ne5 Nc6 10. Nb3 e6 11. Bf4 Nd7 12. Nxd7 Bxd7 13. a4 Qb6 14.
Nc5 Rfd8 15. Bg5 f6 16. Be3 Kf8 17. Bh3 Kf7 18. Rc1 Bf8 19. b3 Rac8 20. Qd2 Bxc5 21. Rxc5 Nb4 22. Rfc1 Rxc5 23. dxc5 Qc7 24. f4 Bc6 25.
Bd4 Qe7 26. Qe3 Re8 27. Bb2 Kg7 28. Ba3 e5 29. fxe5 Qxe5 30. Qxe5 Rxe5 31. Kf2 d4 32. Bb2 Rh5 33. Bg4 Rxh2+ 34. Kg1 Rh1+ 35. Kf2 Rh2+ 36. Kg1 Rh1+ 37. Kf2 Rxc1 38. Bxc1 d3 39. e3 Nd5 40. Bd2 f5 41. Bf3 Ne7 42. Bxa5 Kf6 0-1

[Event "*** SCC Grand Prix: Titled Tuesday Blitz"]
[Site "Chess.com"]
[Date "2020.06.23"]
[Round "5"]
[White "LiemLe"]
[Black "Ginger_GM"]
[Result "1-0"]
[WhiteElo "2997"]
[BlackElo "2664"]
[TimeControl "180+1"]
[EndTime "10:57:12 PDT"]
[Termination "LiemLe won by checkmate"]

1. d4 e6 2. Nf3 f5 3. g3 Nf6 4.
Bg2 Be7 5. O-O O-O 6. c4 d6 7. Nc3 Ne4 8. Qc2 Nxc3 9. bxc3 Nc6 10. e4 e5 11. Re1 f4 12. gxf4 exf4 13. e5 dxe5 14.
d5 Na5 15. Nxe5 Bd6 16. Qa4 b5 17. Qxa5 f3 18. Ba3 Qg5 19. Nxf3 Rxf3 20. Bxd6 cxd6 21. Re8+ Kf7 22. Qd8 Rf6 23. Rf8+ Kg6 24. Rxf6+ gxf6 25. Qg8+ Kf5 26. Qxh7+ Kf4 27. Qd3 Qg4 28. Re1 Kg5 29. Re7 Bf5 30. Rg7+ Kh6 31. Rxg4 Bxd3 32. cxb5 Re8 33.
h4 Re1+ 34. Kh2 Bxb5 35. c4 Bd7 36. Rf4 Kg7 37. Bh3 Bxh3 38. Kxh3 Re2 39. a3 Ra2 40. Rf3 Rc2 41. Kg4 Rxc4+ 42. Kf5 Kf7 43. Rb3 Rc7 44. h5 Re7 45. f4 Kg7 46. h6+ Kxh6 47. Kxf6 Re4 48. Rh3# 1-0

[Event "*** SCC Grand Prix: Titled Tuesday Blitz"]
[Site "Chess.com"]
[Date "2020.06.23"]
[Round "5"]
[White "Alexander_Donchenko"]
[Black "enzovsky"]
[Result "0-1"]
[WhiteElo "2669"]
[BlackElo "2357"]
[TimeControl "180+1"]
[EndTime "10:57:12 PDT"]
[Termination "enzovsky won by resignation"]

1. e4 c5 2. Nf3 d6 3. d4 cxd4 4.
Nxd4 Nf6 5. Nc3 a6 6. h3 e6 7. g4 h6 8. Bg2 Be7 9. O-O g5 10. Be3 Nbd7 11. Qe2 Ne5 12. Rad1 Bd7 13. f4 gxf4 14. Bxf4 Ng6 15. Bg3 Rc8 16. Kh1 Ne5 17. Nf3 Rxc3 18. Nxe5 Rxg3 19. Nxd7 Nxg4 20. hxg4 h5 21.
Qf2 hxg4+ 22. Kg1 Rxg2+ 23. Kxg2 Kxd7 24. Qxf7 Qa5 25. Rxd6+ Kxd6 26. Rd1+ Kc7 27. Qxe7+ Kb8 28. Qxe6 Qh5 29. Qd6+ Ka7 30. Qg3 Qc5 31. Qc3 Qh5 32.
Qg3 Qh7 33. Re1 Qg7 34. e5 Qd7 35. e6 Qd5+ 36. Kf2 Rh3 37. Qxh3 gxh3 38. e7 Qd2+ 39. Re2 Qf4+ 40. Ke1 h2 41. Rxh2 Qb4+ 42. Kd1 Qxe7 43. Rh3 Qe5 44. b3 Qa1+ 45. Kd2 Qxa2 46. Rh4 b5 47. Rh7+ Kb6 48. Rh6+ Ka5 49. Rh1 Qa3 50. Kc3 Qc5+ 51. Kb2 Qe5+ 52. Ka2 Qe4 53. Rh2 Kb4 54. Kb2 a5 55. c3+ Kc5 56. Rh5+ Kb6 57. Rh6+ Kb7 58. Rh2 b4 59. cxb4 Qe5+ 0-1

[Event "*** SCC Grand Prix: Titled Tuesday Blitz"]
[Site "Chess.com"]
[Date "2020.06.23"]
[Round "5"]
[White "MF1966Idrisov"]
[Black "politeplayer"]
[Result "1-0"]
[WhiteElo "2349"]
[BlackElo "2170"]
[TimeControl "180+1"]
[EndTime "10:57:12 PDT"]
[Termination "MF1966Idrisov won by resignation"]

1. d4 d5 2. Bf4 e6 3. Nf3 Nf6 4. e3 c5 5. c3 Nc6 6. Nbd2 Bd6 7.
Bg3 O-O 8. Bd3 b6 9. O-O Bb7 10.
Qe2 Bxg3 11. hxg3 Qc7 12. dxc5 bxc5 13. e4 Ne5 14. exd5 Nxd3 15. Qxd3 Rad8 16. Qe3 Nxd5 17. Qg5 h6 18. Qh4 Nf6 19. Rfe1 Qc6 20. Nc4 Ba8 21.
Rad1 Rd5 22. Ne3 Rh5 23. Qf4 Nd5 24. Nxd5 Rxd5 25. c4 Rdd8 26. b3 Rfe8 27. Qe5 Rxd1 28. Rxd1 Bb7 29. Rd6 Qc8 30. Qe3 Rd8 31. Qd3 Rxd6 32.
Qxd6 Bxf3 33. gxf3 g6 34. Qe7 Kg7 35. Qd6 Kg8 36.
Kf1 a6 37. Ke2 Kg7 38. Kd3 Kf6 39. Kc3 h5 40. a3 g5 41. b4 cxb4+ 42. axb4 a5 43.
bxa5 Kg7 44. a6 h4 45. gxh4 gxh4 46. a7 Qb7 47. Qd4+ f6 48. Qg4+ Kf7 49. Qxh4 Qxa7 50. Qh7+ 1-0

[Event "*** SCC Grand Prix: Titled Tuesday Blitz"]
[Site "Chess.com"]
[Date "2020.06.23"]
[Round "5"]
[White "Chess_Boxer123"]
[Black "FedaMaster"]
[Result "0-1"]
[WhiteElo "2721"]
[BlackElo "2502"]
[TimeControl "180+1"]
[EndTime "10:57:13 PDT"]
[Termination "FedaMaster won by resignation"]

1. d4 Nf6 2. c4 g6 3. Nc3 d5 4.
cxd5 Nxd5 5. Bd2 Bg7 6. Nf3 Nb6 7. e4 Bg4 8. d5 c6 9. h3 Bxf3 10. Qxf3 O-O 11. Be2 cxd5 12. exd5 N8d7 13. O-O Rc8 14. Rad1 Ne5 15. Qe4 Nec4 16. Bg5 Re8 17.
Bxc4 Nxc4 18. Qe2 Qb6 19. Na4 Qd6 20. b3 Na3 21. Rfe1 Nc2 22. Rf1 Nd4 23. Qe4 Nf5 24.
Rfe1 Qd7 25. Bf4 b5 26. Be5 bxa4 27. Bxg7 Kxg7 28. g4 Nd6 29. Qd4+ f6 30. Re6 axb3 31.
axb3 Nf7 32. Rde1 Ng5 33. R6e3 Rcd8 34. h4 Nf7 35. Rd1 e5 36. dxe6 Qxd4 37. Rxd4 Rxd4 38. exf7 Rd1+ 39. Kg2 Rxe3 40. f8=Q+ Kxf8 41. fxe3 Rd2+ 42. Kf3 Rd3 43. Ke4 Rxb3 44. Kd4 Rb4+ 45. Kc3 Rxg4 0-1

[Event "*** SCC Grand Prix: Titled Tuesday Blitz"]
[Site "Chess.com"]
[Date "2020.06.23"]
[Round "5"]
[White "Bayernbk"]
[Black "GMJustin"]
[Result "1-0"]
[WhiteElo "2457"]
[BlackElo "2267"]
[TimeControl "180+1"]
[EndTime "10:57:13 PDT"]
[Termination "Bayernbk won on time"]

1. e4 e5 2. Nf3 Nf6 3. Nc3 Bb4 4. Nxe5 O-O 5. Be2 Re8 6. Nd3 Bxc3 7. dxc3 Nxe4 8.
O-O d5 9. f3 Nd6 10. Re1 c6 11. Bf4 Nc4 12. Bf1 Rxe1 13. Qxe1 Bf5 14. b3 Nb6 15.
Qe5 Bg6 16. Re1 N8d7 17. Qc7 Qxc7 18. Bxc7 f6 19. Bd6 Re8 20. Rxe8+ Bxe8 21. Kf2 Kf7 22. g3 Nc8 23. Bf4 g5 24. Be3 b6 25.
Bg2 Nd6 26. f4 h6 27. fxg5 hxg5 28. h4 Ne4+ 29. Bxe4 dxe4 30. Ne1 gxh4 31. gxh4 Ne5 32. Kg3 f5 33. Ng2 Ng4 34. Kf4 Ke6 35. Kg5 Nxe3 36. Nxe3 Ke5 37. Nxf5 c5 38. Ne3 b5 39. Ng4+ Ke6 40.
Kf4 Bh5 41. Nf2 Bg6 42. Nd1 Bh7 43. Ne3 a6 44. a3 a5 45. b4 cxb4 46. cxb4 axb4 47.
axb4 Kf6 48. Nd5+ Ke6 49. Nc7+ 1-0

[Event "*** SCC Grand Prix: Titled Tuesday Blitz"]
[Site "Chess.com"]
[Date "2020.06.23"]
[Round "5"]
[White "Grischuk"]
[Black "Enki007"]
[Result "1/2-1/2"]
[WhiteElo "3089"]
[BlackElo "2687"]
[TimeControl "180+1"]
[EndTime "10:57:14 PDT"]
[Termination "Game drawn by repetition"]

1. e4 c6 2. d4 d5 3. e5 c5 4.
dxc5 Nc6 5. f4 Nh6 6. c3 e6 7. Be3 Nf5 8. Bf2 g5 9. fxg5 Qxg5 10. Nf3 Qh6 11. Qe2 Qc1+ 12. Qd1 Qxb2 13. Nbd2 Qxc3 14.
Qc1 Qxc1+ 15. Rxc1 Bg7 16. Bd3 Nfe7 17. Bg3 Ng6 18. O-O Ncxe5 19. Nxe5 Bxe5 20. Bf2 Nf4 21. Bb5+ Bd7 22. Rb1 O-O-O 23. Nf3 Bg7 24. Ng5 Bxb5 25. Rxb5 Rd7 26. Ra5 a6 27. c6 bxc6 28. Rxa6 Rb7 29. Rxc6+ Kd7 30. Ra6 f6 31. Nf3 e5 32. Nh4 Rc8 33.
g3 Ne2+ 34. Kg2 Rc6 35. Ra8 Rc8 36. Ra6 Rc6 37. Ra8 Rc8 38. Ra4 Bf8 39. Nf5 d4 40. Re1 Nc3 41. Ra6 Rc6 42. Ra8 Rc8 43. Ra6 Rc6 44.
Ra8 Rc8 45. Ra6 1/2-1/2

[Event "*** SCC Grand Prix: Titled Tuesday Blitz"]
[Site "Chess.com"]
[Date "2020.06.23"]
[Round "5"]
[White "deribas12345"]
[Black "ShahMatKanal"]
[Result "1-0"]
[WhiteElo "2565"]
[BlackElo "2398"]
[TimeControl "180+1"]
[EndTime "10:57:14 PDT"]
[Termination "deribas12345 won on time"]

1. d4 d5 2. Nc3 Nf6 3. Nf3 a6 4.
Bg5 g6 5. e3 Bg7 6. Bd3 b5 7. Qe2 h6 8. Bf4 Nc6 9. a3 Nh5 10. Bg3 Nxg3 11. hxg3 Bg4 12. Rh4 h5 13.
Kf1 O-O 14. Kg1 Qd6 15. Rd1 f5 16. Qd2 Bf6 17. Rh1 Kg7 18. Ne2 e5 19. dxe5 Nxe5 20.
Nxe5 Bxe5 21. f3 Bxb2 22. fxg4 hxg4 23. Nf4 c6 24. Qb4 Qf6 25. Kf2 Bc3 26. Qc5 Be5 27. Rh2 Rh8 28. Rdh1 Rxh2 29. Rxh2 Re8 30. Qa7+ Re7 31.
Qa8 Bxf4 32. Qh8+ Kf7 33. gxf4 Ke6 34. Qg8+ Kd6 35. Rh8 d4 36. Qb8+ Kc5 37. exd4+ Qxd4+ 38. Kg3 Qe3+ 39. Kh4 Qf2+ 40. Kg5 Qxg2 41. Rd8 Qd2 42. Qd6+ Kb6 43. Qxe7 1-0

[Event "*** SCC Grand Prix: Titled Tuesday Blitz"]
[Site "Chess.com"]
[Date "2020.06.23"]
[Round "5"]
[White "RitvarsReimanis"]
[Black "AradNazari"]
[Result "1-0"]
[WhiteElo "2552"]
[BlackElo "2387"]
[TimeControl "180+1"]
[EndTime "10:57:14 PDT"]
[Termination "RitvarsReimanis won by checkmate"]

1. d4 Nf6 2. c4 e6 3. Nf3 d5 4. Nc3 Bb4 5. cxd5 exd5 6. Bg5 c6 7. e3 Bf5 8. Bd3 Bxd3 9. Qxd3 Nbd7 10. O-O Bd6 11. e4 dxe4 12. Nxe4 Be7 13. Nxf6+ Nxf6 14. Bxf6 Bxf6 15. Rfe1+ Kf8 16. Qb3 Qb6 17. Qc4 g6 18. Ne5 Bxe5 19. dxe5 Re8 20. e6 fxe6 21. Rxe6 Rxe6 22. Qxe6 c5 23. Qc8+ Kg7 24. Qd7+ Kh6 25. Qd2+ g5 26. h4 Rg8 27. Re1 Qf6 28. Re4 Rg6 29.
Qe3 b6 30. Re5 Kh5 31. g3 a5 32. Qe2+ Kh6 33. hxg5+ Qxg5 34. Rxg5 Kxg5 35. Qe3+ Kh5 36. Qf3+ Kh6 37. Qf4+ Kg7 38. Qc7+ Kh6 39. Kg2 Rf6 40. f4 Kg6 41. Kf3 h5 42. Qc8 Kg7 43.
Qd7+ Rf7 44. Qe6 Rf6 45. Qe8 Rh6 46. Qe7+ Kg8 47. f5 Rh7 48. Qe6+ Kh8 49. Qxb6 h4 50. gxh4 Rxh4 51. Qd8+ Kg7 52. Qxh4 a4 53. Qg5+ Kf7 54.
Qg6+ Ke7 55. Qe6+ Kf8 56. Qd7 Kg8 57. f6 a3 58. Qg7# 1-0

[Event "*** SCC Grand Prix: Titled Tuesday Blitz"]
[Site "Chess.com"]
[Date "2020.06.23"]
[Round "5"]
[White "dpopadic"]
[Black "ENEASZ"]
[Result "1/2-1/2"]
[WhiteElo "2337"]
[BlackElo "2494"]
[TimeControl "180+1"]
[EndTime "10:57:15 PDT"]
[Termination "Game drawn by repetition"]

1. e4 d6 2. Nc3 Nf6 3. f4 c5 4. Nf3 Nc6 5. Bb5 g6 6. d3 Bg7 7. Bxc6+ bxc6 8. O-O O-O 9. Qe1 Ne8 10. Qh4 Nc7 11. f5 gxf5 12. Bh6 e5 13. Bg5 f6 14. Bh6 Bxh6 15. Qxh6 Qe7 16. exf5 Bxf5 17. Nh4 Be6 18. Rf3 Rf7 19. Raf1 Raf8 20. Nf5 Bxf5 21.
Rxf5 Nd5 22. Ne4 Kh8 23. Kh1 a5 24. g3 Rg8 25. Nxf6 Rg6 26. Nxd5 Rxf5 27. Rxf5 cxd5 28. Qf8+ Qxf8 29. Rxf8+ Rg8 30. Rf6 Rd8 31. Rf7 a4 32. Ra7 Rb8 33. b3 axb3 34. axb3 Kg8 35. Rd7 Rb6 36. Kg2 c4 37. bxc4 dxc4 38. Kf3 Rc6 39. h4 cxd3 40. cxd3 Ra6 41. h5 h6 42. Ke4 Kf8 43. Kf5 Ke8 44. Rh7 Ra3 45. Ke4 Ra4+ 46.
Ke3 Rg4 47. Kf3 Rd4 48. Ke3 Rg4 49. Kf2 Rd4 50. Ke3 Rg4 1/2-1/2

[Event "*** SCC Grand Prix: Titled Tuesday Blitz"]
[Site "Chess.com"]
[Date "2020.06.23"]
[Round "5"]
[White "Bazarov04"]
[Black "ARTHURMOTIVATOR"]
[Result "1-0"]
[WhiteElo "2501"]
[BlackElo "2342"]
[TimeControl "180+1"]
[EndTime "10:57:15 PDT"]
[Termination "Bazarov04 won on time"]

1. d4 Nf6 2. c4 c5 3. Nf3 cxd4 4.
Nxd4 e5 5. Nb5 d5 6. cxd5 Bc5 7.
N5c3 O-O 8. g3 Qb6 9. e3 Bg4 10. Be2 Bxe2 11. Qxe2 e4 12. a3 Bd6 13. Nd2 Re8 14. Nc4 Qd8 15. b4 Bf8 16. Bb2 Nbd7 17. O-O Rc8 18. Rfd1 Ne5 19. Nxe5 Rxe5 20. d6 Qd7 21.
Rac1 Rh5 22. Nxe4 Qh3 23. Nxf6+ gxf6 24. f3 Rxc1 25. Bxc1 Qd7 26. f4 Rh6 27. Bb2 f5 28. Be5 Re6 29. Qh5 f6 30. Bd4 Rxd6 31. Qf3 Rd5 32.
Rc1 Be7 33. Kg2 b6 34. Rc2 a5 35. bxa5 bxa5 36. a4 Kg7 37. Rb2 Kg6 38. h3 h5 39. Rb8 Rxd4 40. exd4 Qxd4 41. Qf2 Bc5 42. Qxd4 Bxd4 43. Rb5 Bc3 44. Kf3 h4 45. gxh4 Kh5 46. Rxf5+ Kxh4 47. Kg2 1-0

[Event "*** SCC Grand Prix: Titled Tuesday Blitz"]
[Site "Chess.com"]
[Date "2020.06.23"]
[Round "5"]
[White "Azerichess"]
[Black "MartinCerveny"]
[Result "1-0"]
[WhiteElo "3031"]
[BlackElo "2669"]
[TimeControl "180+1"]
[EndTime "10:57:16 PDT"]
[Termination "Azerichess won by resignation"]

1. d4 d5 2. c4 c6 3. Nf3 Nf6 4. Qb3 g6 5. Bf4 Bg7 6. e3 O-O 7. Nc3 b6 8. h3 Ba6 9. Rc1 e6 10. Be2 Nbd7 11. O-O Bb7 12. Rfd1 Qe7 13. a3 h6 14. Bh2 Rfd8 15. c5 b5 16. Nxb5 cxb5 17.
c6 Bxc6 18. Rxc6 a6 19. Rdc1 Ne8 20. a4 bxa4 21. Qxa4 a5 22. Bb5 Qb4 23. b3 Qxa4 24. bxa4 Bf8 25. Bc7 Nxc7 26. Rxc7 Nb6 27. Ne5 Bd6 28.
Nxf7 Bxc7 29. Rxc7 Rdc8 30. Nxh6+ Kh8 31. Re7 Nc4 32. Rxe6 Nd2 33. Nf7+ Kg7 34. Ne5 Rc1+ 35. Kh2 Rb8 36. g4 Ne4 37. Re7+ Kg8 38. Bd7 Rb6 39. Be6+ Rxe6 40. Rxe6 Nxf2 41. Rxg6+ Kf8 42. Ra6 Nd1 43. Ra8+ Ke7 44. Ra7+ Ke6 45. Ra6+ Ke7 46. Kg3 Nxe3 47. Kf4 Ng2+ 48. Kg5 Rf1 49. h4 Ne1 50.
h5 Nc2 51. h6 Nxd4 52. h7 Rh1 53.
h8=Q 1-0

[Event "*** SCC Grand Prix: Titled Tuesday Blitz"]
[Site "Chess.com"]
[Date "2020.06.23"]
[Round "5"]
[White "XDPS"]
[Black "esrosenberg"]
[Result "1-0"]
[WhiteElo "2679"]
[BlackElo "2153"]
[TimeControl "180+1"]
[EndTime "10:57:16 PDT"]
[Termination "XDPS won by checkmate"]

1. e4 e5 2. Nf3 Nc6 3. Bb5 a6 4. Ba4 Nf6 5. O-O Be7 6. d3 b5 7.
Bb3 O-O 8. Nc3 d6 9. a3 Bg4 10.
Be3 Nd4 11. Bxd4 exd4 12. Nd5 c6 13. Nxe7+ Qxe7 14. h3 Bxf3 15. Qxf3 Nd7 16. Qg3 Kh8 17.
f4 Rg8 18. Rae1 Raf8 19. e5 d5 20. f5 Nc5 21. Ba2 f6 22. e6 g6 23. fxg6 Rxg6 24.
Qf4 Rfg8 25. Rf2 Rg5 26. Qxd4 Nxe6 27. Qe3 Re5 28. Qc1 Nd4 29. Rxe5 Qxe5 30. Qf1 f5 31. c3 Ne6 32. d4 Qg3 33. Rf3 Qg5 34.
Rxf5 Qe3+ 35. Kh1 Ng5 36. Bb1 Ne4 37. Bxe4 Qxe4 38. Re5 Qg6 39. Rf5 Qg3 40. Rf3 Qg7 41.
Rf6 h5 42. Qf3 Qg5 43. Rf5 Qc1+ 44. Kh2 Rg5 45. Rf8+ Kh7 46. Qf7+ Kh6 47. Rh8# 1-0